 Dungeon Sprint DCSS version 0.31-a0-845-g9abc20d24f (webtiles) character file.

Game seed: 10169832162313459902

3453 sircluck the Grappler (level 9, -9/105 HPs)
             Began as a Troll Berserker on Oct 2, 2023.
             Was a High Priest of Trog.
             Succumbed to poison (poison gas)
             ... in the Dungeon (Sprint VII: "The Pits").
             The game lasted 00:03:25 (574 turns).

sircluck the Grappler (Troll Berserker)              Turns: 574, Time: 00:03:25

Health: -9/105     AC:  8    Str: 34    XL:     9   Next: 78%
Magic:  8/8        EV: 13    Int:  3    God:    Trog [*****.]
Gold:   0          SH:  0    Dex:  9    Spells: 8/8 levels left

rFire   . .          .
                       - Unarmed
rCold   . . .        (no shield)
rNeg    . . .        a - +0 animal skin
rPois   .            (helmet restricted)
rElec   .            o - +0 cloak
rCorr   .            (gloves unavailable)
SInv    .            (boots unavailable)
Will    .....        (no amulet)
Stlth   +            k - +3 ring of strength
HPRegen 1.17/turn    m - +3 ring of protection
MPRegen 0.11/turn

%: no teleportation
@: lethally poisoned (-9 -> -79), on berserk cooldown, slowed, very slow
A: large, unfitting armour, claws 3, regeneration 1, shaggy fur 1, tough skin 1
a: Renounce Religion, Berserk, Trog's Hand, Brothers in Arms


You were in the Dungeon.
You worshipped Trog.
Trog was extremely pleased with you.
You visited 1 branch

Inventory:

Armour
 a - a +0 animal skin (worn)
 o - a +0 cloak (worn)
Jewellery
 k - a +3 ring of strength (left claw)
 m - a +3 ring of protection (right claw)
Scrolls
 g - a scroll of blinking
 i - 2 scrolls of vulnerability
 j - a scroll of summoning
Potions
 b - 6 potions of curing
 c - 7 potions of heal wounds
 d - 3 potions of haste
 e - 4 potions of magic
 f - 3 potions of berserk rage
 h - 2 potions of invisibility
 l - a potion of mutation
 n - a potion of might


   Skills:
 + Level 11.6 Fighting
 + Level 11.4 Dodging
 + Level 13.5 Unarmed Combat


You had 8 spell levels left.
You didn't know any spells.
Your spell library was empty.

Dungeon Overview and Level Annotations

Branches:
Dungeon (1/1)

Altars:
Ashenzari
Cheibriados
Dithmenos
Elyvilon
Fedhas
Gozag
Hepliaklqana
Kikubaaqudgha
Makhleb
Nemelex Xobeh
Okawaru
Qazlal
Ru
Sif Muna
Trog
Uskayaw
Vehumet
Wu Jian
Xom
Yredelemnul
Zin
The Shining One
Jiyva
Lugonu


Innate Abilities, Weirdness & Mutations

You are too large for most types of armour.
You have claws for hands.
Your natural rate of healing is unusually fast.
You are covered in fur. (AC +1)
You have tough skin. (AC +1)


Message History

You see here a +0 antimagic quarterstaff.
You are engulfed in poison gas.
You are more poisoned.
You feel extremely sick.
Unknown command.
Unknown command.
Unknown command.
Unknown command.
Unknown command.
You are engulfed in poison gas.
You are lethally poisoned!
You feel extremely sick.
The yak is engulfed in poison gas.
The yak is poisoned.
A yak comes into view.
You mangle the yak!!
The yak is heavily wounded.
You are engulfed in poison gas.
You are more poisoned.
You feel extremely sick.
You claw the yak!
The yak is severely wounded.
You are engulfed in poison gas.
You are more poisoned.
* * * LOW HITPOINT WARNING * * *
x2 You feel extremely sick.
The yak closely misses you.
You claw the yak!
You kill the yak!
Trog accepts your kill.
You are engulfed in poison gas.
You are more poisoned.
* * * LOW HITPOINT WARNING * * *
x2 You feel extremely sick.
* * * LOW HITPOINT WARNING * * *
You feel extremely sick. The yak closely misses you.
You feel a strong urge to attack something.
You are no longer berserk.
You are exhausted.
You feel yourself slow down.
You die...

.#))##.......##..##
.#[[##.......##...##
.#'###...<...###...##+##.
....##.......# ##........
....##.......###..###+###
######.......##..##
.#..###########..+
.#)############..##
.#)#....#.![[###@.#
.#)#)...#...[# ##.Y..Y...
.#)))...'..))# ..Y##+##.
.#)#....#..))# ...##
.†.#....#!.))##..##
#################


You could see 3 yaks.

Vanquished Creatures
  A swamp dragon (D)
  A flayed ghost (D)
  2 phantasmal warriors (D)
  A rime drake (D)
  An efreet (D)
  A yak (D)
  A fire bat (D)
  A warg (D)
  A sky beast (D)
  An orc warrior (D)
  An ogre (D)
  A gnoll bouda (D)
  2 orc priests (D)
  2 orc wizards (D)
  A mummy (D)
  6 gnolls (D)
  An adder (D)
  A river rat (D)
  3 orcs (D)
  A bat skeleton (D)
  3 giant cockroaches (D)
  A bat (D)
  A frilled lizard (D)
  A kobold (D)
  2 rats (D)
38 creatures vanquished.

Vanquished Creatures (collateral kills)
  A gnoll sergeant (D)
  A gnoll (D)
2 creatures vanquished.

Grand Total: 40 creatures vanquished

Notes
Turn   | Place    | Note
-------+----------+-------------------------------------------
     0 | D        | sircluck the Troll Berserker began the quest for the Orb.
     0 | D        | Reached XP level 1. HP: 22/22 MP: 0/0
    18 | D        | Found a bloodstained altar of Trog.
    18 | D        | Found a shimmering blue altar of Sif Muna.
    18 | D        | Found a viscous altar of Jiyva.
    18 | D        | Found a hazy altar of Hepliaklqana.
    18 | D        | Found an opulent altar of Gozag.
    19 | D        | Found a glowing golden altar of the Shining One.
    19 | D        | Found a glowing silver altar of Zin.
    19 | D        | Found a basalt altar of Yredelemnul.
    19 | D        | Found a shimmering altar of Xom.
    19 | D        | Found an ornate altar of the Wu Jian Council.
    19 | D        | Found a sacrificial altar of Ru.
    19 | D        | Found a stormy altar of Qazlal.
    19 | D        | Found an iron altar of Okawaru.
    19 | D        | Found a sparkling altar of Nemelex Xobeh.
    19 | D        | Found a burning altar of Makhleb.
    19 | D        | Found a blossoming altar of Fedhas.
    19 | D        | Found a white marble altar of Elyvilon.
    19 | D        | Found a shadowy altar of Dithmenos.
    19 | D        | Found a snail-covered altar of Cheibriados.
    23 | D        | Found a corrupted altar of Lugonu.
    23 | D        | Found a radiant altar of Vehumet.
    24 | D        | Found a broken altar of Ashenzari.
    24 | D        | Found an ancient bone altar of Kikubaaqudgha.
    24 | D        | Found a hide-covered altar of Uskayaw.
    67 | D        | Reached XP level 2. HP: 31/31 MP: 1/1
    67 | D        | Reached ** piety under Trog
    79 | D        | Reached skill level 4 in Unarmed Combat
    91 | D        | Reached *** piety under Trog
   104 | D        | Reached XP level 3. HP: 17/39 MP: 2/2
   160 | D        | Reached **** piety under Trog
   167 | D        | Noticed a sky beast
   167 | D        | Noticed an ogre
   187 | D        | Killed a sky beast
   188 | D        | Reached skill level 5 in Fighting
   188 | D        | Reached skill level 5 in Dodging
   188 | D        | Reached skill level 6 in Unarmed Combat
   188 | D        | Reached XP level 4. HP: 18/50 MP: 3/3
   189 | D        | Killed an ogre
   190 | D        | Reached skill level 7 in Unarmed Combat
   190 | D        | Reached XP level 5. HP: 22/59 MP: 4/4
   193 | D        | Reached ***** piety under Trog
   249 | D        | Noticed an orc warrior
   266 | D        | Killed an orc warrior
   267 | D        | Reached skill level 8 in Unarmed Combat
   267 | D        | Reached XP level 6. HP: 34/71 MP: 5/5
   272 | D        | Received a gift from Trog
   319 | D        | Noticed a warg
   321 | D        | Killed a warg
   322 | D        | Reached skill level 9 in Unarmed Combat
   323 | D        | Noticed an efreet
   326 | D        | Killed an efreet
   327 | D        | Reached XP level 7. HP: 65/81 MP: 6/6
   335 | D        | Reached skill level 10 in Unarmed Combat
   362 | D        | Noticed a flayed ghost
   370 | D        | HP: 4/81 [gnoll sergeant/+2 spear of freezing (6)]
   381 | D        | Killed a flayed ghost
   381 | D        | Received a gift from Trog
   382 | D        | Reached skill level 11 in Unarmed Combat
   382 | D        | Reached XP level 8. HP: 92/92 MP: 7/7
   491 | D        | Noticed a phantasmal warrior
   491 | D        | Noticed a rime drake
   498 | D        | Killed a phantasmal warrior
   499 | D        | Reached skill level 10 in Fighting
   499 | D        | Reached skill level 10 in Dodging
   499 | D        | Reached skill level 12 in Unarmed Combat
   503 | D        | Killed a rime drake
   504 | D        | Reached XP level 9. HP: 60/102 MP: 8/8
   559 | D        | Noticed a swamp dragon
   559 | D        | Noticed a phantasmal warrior
   565 | D        | Killed a swamp dragon
   566 | D        | Reached skill level 13 in Unarmed Combat
   568 | D        | Killed a phantasmal warrior
   568 | D        | Received a gift from Trog
   573 | D        | HP: 6/157 [poison (poison gas)]
   574 | D        | Succumbed to poison (poison gas)

Illustrated notes

Levels and vault maps discovered:
D:        pitsprint [storerooms_1, entrance_room_1, metal_vault_5, armoury_2,
          mini_pit_1, grid_room_1, main_hall_1, silver_pit, the_coven_1,
          the_vestibule_1, steel_vault_4, golden_pit, hallway_of_sentries,
          crystal_vault_3, iron_vault_4, final_vault]

Skill      XL: |  1  2  3  4  5  6  7  8  9 |
---------------+----------------------------+-----
Fighting       | 3 5 6 7 8 9 10 11 | 11.6
Dodging        | 3 5 6 8 9 10 11 | 11.4
Unarmed Combat | 4 6 7 8 9 11 12 13 | 13.5

Action                     |  1- 3 |  4- 6 |  7- 9 || total
---------------------------+-------+-------+-------++-------
  Melee: Unarmed           |    43 |    29 |    51 ||   123
         Punch             |     1 |     2 |     1 ||     4
 Invoke: Berserk           |     1 |       |     3 ||     4
         Brothers in Arms  |       |       |     1 ||     1
    Use: Potion            |       |       |     3 ||     3
 Armour: Animal skin       |    48 |    16 |    42 ||   106
  Dodge: Dodged            |    37 |     5 |    24 ||    66

Table legend: (Time is in decaauts)
 A = Elapsed time spent in this place.
 B = Non-inter-level travel time spent in this place.
 C = Inter-level travel time spent in this place.
 D = Time resting spent in this place.
 E = Time spent auto-exploring this place.
 F = Levels seen in this place.
 G = Mean time per level.
                   A        B        C        D        E       F      G
               +--------+--------+--------+--------+--------+-----+--------+
         Total |    572 |    517 |     55 |    103 |    107 |   1 |  572.0 |
       Dungeon |    572 |    517 |     55 |    103 |    107 |   1 |  572.0 |
               +--------+--------+--------+--------+--------+-----+--------+

Top non-repeatable levels by time:
       D: 572 daAuts
